 Dungeon Crawl Stone Soup version 0.29-a0-322-g68df515428 (webtiles) character file.

Game seed: 7373344029515331850

2217799 cojito the Ruinous (level 27, 208/220 HPs)
             Began as an Octopode Venom Mage on Apr 5, 2022.
             Was the Champion of Vehumet.
             Escaped with the Orb
             ... and 4 runes!
             The game lasted 04:10:44 (75706 turns).

cojito the Ruinous (Octopode Venom Mage)           Turns: 75706, Time: 04:10:45

Health: 208/220    AC: 18    Str: 11    XL:     27
Magic:  53/53      EV: 23    Int: 49    God:    Vehumet [******]
Gold:   7269       SH: 16    Dex: 11    Spells: 3/60 levels left

rFire   + + .      SeeInvis +   b - staff of earth
rCold   + + .      Faith    .   d - +5 kite shield {rC+}
rNeg    . . .      Spirit   .   P - +3 hat of the Lost Path {rPois rF+ Int+4 Stlth+}
rPois   +          Reflect  .   c - amulet of magic regeneration
rElec   .          Harm     .   m - ring of protection from fire
rCorr   +          Rampage  .   h - ring of Beogh's Benevolence {Will+ rCorr EV+4 Str+2}
Will    +++..      Archmagi +   z - ring of Hamen {rC+ MP+9 Int+2 SInv}
Stlth   +++.......              U - +4 ring of protection
HPRegen 0.46/turn               J - ring of Springtime {Int+6 Dex-2 SInv}
MPRegen 0.73/turn               N - ring of the Mage {Wiz Archmagi}
                                r - +6 ring of intelligence
                                B - ring of the Tortoise {AC+8}

@: studying 5 skills
A: almost no armour, amphibious, 8 rings, camouflage 1, gelatinous body 1,
(nimble swimmer 1), tentacles, iridescent scales 1, clever 1, sense surroundings
1, poison resistance, robust 1, inability to read while threatened
0: Orb of Zot
}: 4/15 runes: serpentine, barnacled, slimy, silver
a: Renounce Religion


You escaped.
You worshipped Vehumet.
Vehumet was exalted by your worship.
You visited 12 branches of the dungeon, and saw 57 of its levels.
You also visited: Trove, Sewer and Desolation.

You collected 9183 gold pieces.
You spent 1914 gold pieces at shops.

Inventory:

Armour
 d - a +5 kite shield of cold resistance (worn)
 P - the +3 hat of the Lost Path (worn) {rPois rF+ Int+4 Stlth+}
   (You acquired it on level 5 of the Vaults)

   Int:       It affects your intelligence (+4).
   rF:        It protects you from fire.
   rPois:     It protects you from poison.
   Stlth:     It makes you more stealthy.
Magical Staves
 a - a staff of fire
 b - a staff of earth (weapon)
Jewellery
 c - an amulet of magic regeneration (around mantle)
 h - the ring of Beogh's Benevolence (right tentacle) {Will+ rCorr EV+4 Str+2}
   (You acquired it on level 11 of the Dungeon)

   [ring of evasion]

   EV:        It affects your evasion (+4).
   Str:       It affects your strength (+2).
   rCorr:     It protects you from acid and corrosion.
   Will:      It increases your willpower.
 m - a ring of protection from fire (left tentacle)
 n - the ring "Xegg" {Ice rPois Int+2 Stlth-}
   (You found it in a treasure trove)

   [ring of ice]

   It enhances your ice magic.
   Int:       It affects your intelligence (+2).
   rF:        It makes you vulnerable to fire.
   rC:        It protects you from cold.
   rPois:     It protects you from poison.
   Stlth:     It makes you less stealthy.
 o - a ring of protection from cold
 r - a +6 ring of intelligence (on tentacle)
 z - the ring of Hamen (on tentacle) {rC+ MP+9 Int+2 SInv}
   (You took it off a vault warden on level 5 of the Vaults)

   [ring of magical power]

   Int:       It affects your intelligence (+2).
   rC:        It protects you from cold.
   MP:        It affects your magic capacity (+9).
   SInv:      It lets you see invisible.
 B - the ring of the Tortoise (on tentacle) {AC+8}
   (You found it on level 5 of the Vaults)

   [ring of protection]

   AC:        It affects your AC (+8).
 C - a ring of protection from fire
 E - the amulet of Sudulor {Faith +Inv rC+++ Will+ Str-4}
   (You found it in the Desolation of Salt)

   [amulet of faith]

   It allows you to gain divine favour quickly.
   Str:       It affects your strength (-4).
   rC:        It renders you almost immune to cold.
   +Inv:      It lets you turn invisible.
   Will:      It increases your willpower.
 F - a +4 ring of protection
 G - the ring "Recvol" {rPois rCorr Str-5 Int+6 Stlth+}
   (You took it off a deep elf death mage on level 3 of the Elven Halls)

   [ring of intelligence]

   Str:       It affects your strength (-5).
   Int:       It affects your intelligence (+6).
   rPois:     It protects you from poison.
   rCorr:     It protects you from acid and corrosion.
   Stlth:     It makes you more stealthy.
 J - the ring of Springtime (on tentacle) {Int+6 Dex-2 SInv}
   (You bought it in a shop on level 4 of the Depths)

   [ring of see invisible]

   Int:       It affects your intelligence (+6).
   Dex:       It affects your dexterity (-2).
   SInv:      It lets you see invisible.
 K - a ring of willpower
 N - the ring of the Mage (on tentacle) {Wiz Archmagi}
   (You bought it in a shop on level 2 of the Snake Pit)

   [ring of wizardry]

   It improves your spell success rate.
   Archmagi:  It increases the power of your magical spells.
 O - the amulet "Zotolao" {Faith Fly rElec Regen+}
   (You took it off a merfolk on level 4 of the Shoals)

   [amulet of faith]

   It allows you to gain divine favour quickly.
   rElec:     It insulates you from electricity.
   Fly:       It grants you flight.
   Regen:     It increases your rate of health regeneration.
 U - a +4 ring of protection (on tentacle)
Wands
 v - a wand of digging (8)
 H - a wand of acid (38)
 S - a wand of iceblast (26)
Scrolls
 e - 7 scrolls of blinking
 j - 16 scrolls of teleportation
 q - 10 scrolls of immolation
 s - 2 scrolls of silence
 x - 6 scrolls of magic mapping
 A - 7 scrolls of amnesia
 Q - 6 scrolls of fear
 R - a scroll of summoning
 T - 9 scrolls of fog
Potions
 g - 8 potions of heal wounds
 i - 5 potions of mutation
 k - 9 potions of haste
 p - 16 potions of curing
 t - 11 potions of flight
 u - a potion of invisibility
 w - 8 potions of might
 D - 6 potions of magic
 M - 3 potions of cancellation
 X - 5 potions of ambrosia
 Y - 3 potions of resistance
 Z - 3 potions of brilliance
Miscellaneous
 f - a condenser vane
 l - a phial of floods
 y - a box of beasts
 I - a phantom mirror
 L - a tin of tremorstones (2/2)
 W - a lightning rod (4/4)


   Skills:
 + Level 19.6 Fighting
 + Level 19.6 Dodging
 - Level 12.0 Stealth
 - Level 10.0 Shields
 - Level 17.0 Spellcasting
 - Level 21.2 Conjurations
 - Level 12.0 Summonings
 - Level 10.1 Transmutations
 - Level 19.0 Fire Magic
 * Level 15.9 Earth Magic
 - Level 9.0 Poison Magic
 - Level 8.0 Evocations


You had 3 spell levels left.
You knew the following spells:

 Your Spells              Type           Power      Damage    Failure   Level
a - Fireball              Conj/Fire      75%        3d28      0%          5
b - Spellforged Servitor  Conj/Summ      70%        N/A       1%          7
c - Olgreb's Toxic Radia  Pois           100%       N/A       1%          4
d - Fire Storm            Conj/Fire      75%        8d19      3%          9
e - Lehudib's Crystal Sp  Conj/Erth      86%        10d19     1%          8
f - Flame Wave            Conj/Fire      100%       2d17      0%          4
g - Ignite Poison         Fire/Tmut/Pois 100%       N/A       0%          3
h - Lee's Rapid Deconstr  Erth           82%        3d38*     1%          5
i - Iron Shot             Conj/Erth      86%        9d16      1%          6
j - Statue Form           Tmut/Erth      100%       N/A       1%          6

Your spell library contained the following spells:

 Spells                   Type           Power      Damage    Failure   Level
 Polar Vortex             Ice            29%        N/A       100%        9
 Foxfire                  Conj/Fire      100%       2x1d9     0%          1
 Magic Dart               Conj           100%       1d8       0%          1
 Sandblast                Erth           100%       2d20      0%          1
 Shock                    Conj/Air       100%       1d9       0%          1
 Sting                    Tmut/Pois      100%       1d8       0%          1
 Summon Small Mammal      Summ           100%       N/A       0%          1
 Call Imp                 Summ           100%       N/A       0%          2
 Passwall                 Tmut/Erth      100%       N/A       0%          2
 Scorch                   Fire           100%       2d10      0%          2
 Searing Ray              Conj           100%       2d8       0%          2
 Static Discharge         Conj/Air       100%       N/A       0%          2
 Call Canine Familiar     Summ           100%       N/A       0%          3
 Conjure Flame            Conj/Fire      100%       6-21      0%          3
 Stone Arrow              Conj/Erth      100%       3d13      0%          3
 Animate Skeleton         Necr           100%       N/A       1%          1
 Apportation              Tloc           100%       N/A       1%          1
 Freeze                   Ice            100%       1d11      1%          1
 Pain                     Necr           100%       1d9       1%          1
 Slow                     Hex            100%       N/A       1%          1
 Blink                    Tloc           100%       N/A       1%          2
 Corpse Rot               Necr/Air       100%       N/A       1%          2
 Ensorcelled Hibernation  Hex/Ice        100%       N/A       1%          2
 Poisonous Vapours        Pois/Air       100%       N/A       1%          2
 Sublimation of Blood     Necr           58%        N/A       1%          2
 Wereblood                Tmut           100%       N/A       1%          2
 Confusing Touch          Hex            58%        N/A       1%          3
 Frozen Ramparts          Ice            100%       1d12      1%          3
 Inner Flame              Hex/Fire       100%       N/A       1%          3
 Mephitic Cloud           Conj/Pois/Air  100%       N/A       1%          3
 Ozocubu's Armour         Ice            58%        N/A       1%          3
 Spider Form              Tmut/Pois      100%       N/A       1%          3
 Summon Guardian Golem    Hex/Summ       100%       N/A       1%          3
 Swiftness                Air            58%        N/A       1%          3
 Tukima's Dance           Hex            58%        N/A       1%          3
 Vampiric Draining        Necr           58%        2d10      1%          3
 Iskenderun's Battlesphe  Conj           100%       2d15      0%          5
 Airstrike                Air            29%        N/A       1%          4
 Fulminant Prism          Conj/Hex       60%        3d27      1%          4
 Hailstorm                Conj/Ice       100%       3d20      1%          4
 Ice Form                 Ice/Tmut       95%        N/A       1%          4
 Leda's Liquefaction      Hex/Erth       66%        N/A       1%          4
 Petrify                  Tmut/Erth      100%       N/A       1%          4
 Summon Ice Beast         Ice/Summ       100%       N/A       1%          4
 Summon Lightning Spire   Summ/Air       100%       N/A       1%          4
 Alistair's Intoxication  Tmut/Pois      78%        N/A       1%          5
 Blade Hands              Tmut           59%        N/A       1%          5
 Borgnjor's Vile Clutch   Necr/Erth      66%        N/A       1%          5
 Freezing Cloud           Conj/Ice/Air   52%        6-21      1%          5
 Irradiate                Conj/Tmut      69%        3d36      1%          5
 Lightning Bolt           Conj/Air       60%        1d83      1%          5
 Summon Forest            Summ/Tloc      50%        N/A       1%          5
 Summon Mana Viper        Hex/Summ       100%       N/A       1%          5
 Yara's Violent Unravell  Hex/Tmut       47%        3d18      1%          5
 Eringya's Noxious Bog    Tmut/Pois      58%        N/A       1%          6
 Starburst                Conj/Fire      75%        6d19      1%          6
 Summon Cactus Giant      Summ           63%        N/A       1%          6
 Ignition                 Fire           74%        3d19      1%          8
 Monstrous Menagerie      Summ           63%        N/A       2%          7
 Anguish                  Hex/Necr       29%        N/A       4%          4
 Animate Dead             Necr           29%        N/A       4%          4
 Dispel Undead            Necr           58%        3d21      4%          4
 Passage of Golubria      Tloc           58%        N/A       4%          4
 Dragon Form              Tmut           59%        N/A       6%          7
 Agony                    Necr           58%        N/A       12%         5
 Manifold Assault         Tloc           58%        N/A       12%         5
 Metabolic Englaciation   Hex/Ice        29%        N/A       12%         5
 Silence                  Hex/Air        29%        N/A       12%         5
 Summon Horrible Things   Summ           63%        N/A       19%         8
 Haunt                    Necr/Summ      50%        N/A       28%         7
 Malign Gateway           Summ/Tloc      50%        N/A       28%         7
 Storm Form               Tmut/Air       47%        N/A       38%         7
 Dispersal                Tloc           29%        N/A       50%         6
 Simulacrum               Ice/Necr       29%        N/A       50%         6
 Ozocubu's Refrigeration  Ice            29%        4d10      58%         7
 Necromutation            Tmut/Necr      47%        N/A       96%         8
 Maxwell's Capacitive Co  Air            29%        ∞         99%         8
 Borgnjor's Revivificati  Necr           29%        N/A       100%        8
 Disjunction              Tloc           29%        N/A       100%        8
 Infestation              Necr           29%        N/A       100%        8
 Death's Door             Necr           29%        N/A       100%        9


Dungeon Overview and Level Annotations

Branches:
Dungeon (15/15)            Temple (1/1) D:4            Lair (6/6) D:10
 Shoals (4/4) Lair:3        Snake (4/4) Lair:3        Slime (5/5) Lair:6
    Orc (2/2) D:9             Elf (3/3) Orc:2        Vaults (5/5) D:13
  Crypt (3/3) Vaults:2       Tomb (0/3) Crypt:3      Depths (4/4) D:15
    Zot (5/5) Depths:4      Sewer (visited)         Desolation (visited)

Altars:
Ashenzari
Cheibriados
Dithmenos
Elyvilon
Fedhas
Gozag
Hepliaklqana
Kikubaaqudgha
Makhleb
Nemelex Xobeh
Okawaru
Qazlal
Ru
Sif Muna
Trog
Uskayaw
Vehumet
Wu Jian
Xom
Yredelemnul
Zin
The Shining One
Jiyva

Shops:
Orc:2 [[   Elf:1 :   Elf:2 [   Shoals:1 *   Snake:2 =(   Vaults:1 [
Vaults:4 :   Depths:4 =::

Portals:
Hell: Depths:1 Depths:2 Depths:3 Depths:4
Abyss: Depths:1 Depths:3
Pandemonium: Depths:2
Ziggurat: Depths:4

Annotations:
D:10 Fannar
D:13 2 transporters, sammy202020's ghost, journeyman DsBe
Lair:3 exclusion: oklob plant
Orc:1 2 transporters, Saawnycw's ghost, journeyman FoFi
Elf:2 2 transporters, 4 runed translucent doors, Jyejeiptew's ghost, adept HOMo
Depths:2 1 exclusion


Innate Abilities, Weirdness & Mutations

You cannot wear most types of armour.
You are amphibious.
You can wear up to eight rings at the same time.
Your skin changes colour to match your surroundings (Stealth+).
Your rubbery body absorbs attacks. (AC +1, EV +1)
((You are camouflaged when in or above water. (Stealth+)))
You have tentacles for arms and can constrict up to eight enemies at once.
You are partially covered in iridescent scales. (AC +2)
Your mind is acute. (Int +2)
You passively map a small area around you.
Your system is resistant to poisons. (rPois)
You are robust. (+10% HP)
You sometimes lose the ability to read scrolls when taking damage.


Message History

The great blast of fire engulfs the sun demon!!!
The sun demon partially resists.
You kill the sun demon!
Vehumet accepts your kill.
You feel your power returning.
The great blast of fire engulfs the balrug!!!
The balrug partially resists.
The balrug is almost dead.
The great blast of fire engulfs the sun demon!!!
The sun demon partially resists.
You kill the sun demon!
Vehumet accepts your kill.
You feel your power returning. The balrug gestures at you.
Something smites you! The balrug gestures at you. Something smites you!
Casting: Fire Storm (mildly dangerous; 3% risk of failure)
Confirm with . or Enter, or press ? or * to list all spells.
Aiming: Iron Shot (safe; 1% risk of failure)
Press: ? - help, Shift-Dir - straight line, f - fire vortex
Aim: a fire vortex (flame, friendly, 94% to hit)
You feel a strong surge of power! Really fire at your fire vortex?
Okay, then.
Unknown command.
Casting: Iron Shot (safe; 1% risk of failure)
Confirm with . or Enter, or press ? or * to list all spells.
Aiming: Iron Shot (safe; 1% risk of failure)
Press: ? - help, Shift-Dir - straight line, f - balrug, p - fire vortex
Aim: a balrug, wielding a +1 demon whip of venom (almost dead, dazed, 80% to hit)
You feel a strong surge of power!
The iron shot hits the balrug!!!!
You kill the balrug!
Vehumet accepts your kill.
You feel your power returning.
You revert to your normal fleshy form.
You see here a +1 demon whip of venom.
There is an open door here.
There is a staircase leading out of the dungeon here.
You have escaped!

####
#..#..†.##...###
######.#....######
#≈≈≈≈#.#)...#
##≈≈≈≈#.#..÷##
.'≈≈≈≈'.##..##
.#≈≈≈≈#.##...##
.#≈≈≈≈#.###...####
#######.# ###.'..#
#.......#######.@###
..............'....#
##..).........#..#.#
#.............####.#
.#########.######..#
## ##............##
# ###..########.###
###...## #.# #...###
#.#


There were no monsters in sight!

Vanquished Creatures
  the Royal Jelly (Slime:5)
  An ancient lich (Vaults:5)
  5 dread liches
  Khufu (Crypt:3)
  2 orbs of fire
  Mara (Shoals:3)
  A juggernaut (Depths:4)
  Bai Suzhen (Shoals:3)
  Vashnia (Snake:2)
  2 Killer Klowns (Zot:5)
  A curse toe (Zot:1)
  Xtahua (Vaults:3)
  4 golden dragons
  Nikola (Elf:3)
  A bone dragon (Crypt:3)
  Jory (Crypt:2)
  A Tzitzimitl (Depths:3)
  11 tentacled monstrosities
  3 liches
  An electric golem (Zot:5)
  A Hell Sentinel (Zot:3)
  Mlioglotl (Snake:4)
  An Ice Fiend (Depths:3)
  2 deep elf blademasters (Elf:3)
  5 quicksilver dragons
  17 Orb Guardians
  A walking earthen tome (Depths:2)
  3 titans
  Polyphemus (Shoals:4)
  14 acid blobs
  An Executioner (Depths:3)
  A deep elf master archer (Elf:3)
  Kirke (Shoals:4)
  2 sphinxes (Vaults:2)
  An ancient champion (Crypt:3)
  9 death cobs
  11 storm dragons
  10 shadow dragons
  6 draconian monks
  7 fire giants
  A revenant (Crypt:3)
  6 rockslimes
  3 tengu reavers (Vaults:5)
  6 azure jellies
  5 nagarajas
  2 deep elf sorcerers (Elf:3)
  An orc warlord (Orc:1)
  16 vault wardens
  2 draconian shifters
  A demonspawn warmonger (Depths:3)
  2 cacodemons (Depths:3)
  A balrug (D:1)
  An imperial myrmidon (Desolation)
  2 ghost moths (Zot:5)
  5 draconian scorchers
  5 frost giants
  A juggernaut zombie (Crypt:3)
  5 spectral caustic shrikes (Depths:2)
  Aizul (Snake:1)
  A curse skull (Crypt:2)
  2 draconian stormcallers
  4 deep elf elementalists (Elf:3)
  3 ghouls
  14 ironbound preservers
  14 very ugly things
  4 draconian annihilators
  9 stone giants
  5 war gargoyles
  10 quicksilver oozes
  A spriggan defender (Depths:1)
  10 vampire knights
  A reaper (Crypt:2)
  6 green draconians
  13 ironbound thunderhulks
  6 black draconians
  8 deep elf annihilators
  10 deep elf demonologists
  A demonspawn black sun (Depths:3)
  2 halazid warlocks (Desolation)
  4 dire elephants
  10 purple draconians
  3 red draconians
  3 spark wasps
  2 entropy weavers
  7 white draconians
  10 yellow draconians
  8 deep elf death magi
  10 merfolk javelineers
  3 eidola (Crypt:2)
  8 fire dragons
  4 crystal guardians
  18 jiangshi
  5 merfolk impalers
  4 deep elf high priests
  2 mummy priests (Crypt:3)
  12 ettins
  A spectral spriggan (Crypt:3)
  11 yaktaur captains
  2 blizzard demons
  11 great orbs of eyes
  7 ragged hierophants (Desolation)
  5 servants of whispers (Desolation)
  5 peacekeepers
  A boulder beetle (Vaults:3)
  34 vault guards
  4 salamander tyrants
  12 hydras
  14 naga warriors
  9 ice dragons
  3 rakshasas
  3 ogre magi
  5 ironbound frosthearts
  4 spriggan air magi
  14 anacondas
  2 catoblepae
  A hell beast (Depths:3)
  6 death knights
  An alligator snapping turtle (Shoals:3)
  6 centaur warriors
  2 merfolk aquamancers (Shoals:4)
  3 two-headed ogres
  Erica (D:8)
  18 dancing weapons
  12 death yaks
  3 satyrs
  2 tengu warriors (D:15)
  5 deep troll earth magi
  11 deep troll shamans
  3 vampire magi
  11 naga sharpshooters
  6 orc high priests
  9 sun demons
  A titan zombie (Crypt:2)
  7 spriggan berserkers
  5 soul eaters
  Nergalle (D:11)
  2 shock serpents
  Sonja (Lair:1)
  18 deep elf knights
  5 iron trolls
  9 hell knights
  3 salamander mystics (Snake:4)
  4 shadow wraiths (Crypt:3)
  A storm dragon skeleton (Crypt:1)
  A sixfirhy (Depths:3)
  27 skeletal warriors
  A cherub (D:1)
  8 flayed ghosts
  54 deep trolls
  3 large abominations
  16 sea snakes
  6 glowing orange brains
  10 deep elf archers
  7 phantasmal warriors
  An obsidian statue (Depths:3)
  9 lindwurms
  8 naga ritualists
  27 ironbound convokers
  10 necromancers
  4 wizards
  23 deep elf pyromancers
  5 mana vipers
  A sphinx zombie (Crypt:1)
  A bog body (Crypt:1)
  27 harpies
  20 deep elf zephyrmancers
  7 orc knights
  A wolf spider (shapeshifter) (Vaults:5)
  27 ugly things
  A broodmother zombie (Crypt:2)
  3 shining eyes
  A tengu skeleton (Vaults:2)
  13 salamanders
  3 orc sorcerers
  An oklob plant (Depths:2)
  12 manticores
  11 moths of wrath
  10 cyclopes
  5 guardian serpents
  A cyclops (shapeshifter) (Vaults:5)
  12 fauns
  A stone giant skeleton (Crypt:2)
  8 merfolk sirens
  6 elephants
  A rust devil (Depths:2)
  22 vault sentinels
  23 naga magi
  30 black mambas
  13 water nymphs
  A human skeleton (Vaults:2)
  8 cane toads
  2 orange demons (Depths:3)
  A human zombie (Vaults:2)
  A cane toad (shapeshifter) (Depths:3)
  A dire elephant skeleton (Crypt:1)
  3 eyes of devastation
  A torpor snail (shapeshifter) (D:14)
  A hellion (Zot:5)
  13 komodo dragons
  6 freezing wraiths
  11 rime drakes
  4 tengu conjurers
  A tormentor (Depths:3)
  27 yaktaurs
  A troll (shapeshifter) (Elf:1)
  3 ice devils
  A harpy zombie (Crypt:2)
  A spectral harpy (Crypt:3)
  A red devil (Depths:3)
  4 hellwings (Depths:3)
  7 guardian mummies (Crypt:3)
  6 trolls
  18 merfolk
  6 hornets
  A tyrant leech (shapeshifter) (Vaults:5)
  3 polar bears
  68 slime creatures
  38 saltlings (Desolation)
  8 wind drakes
  7 snapping turtles
  10 blink frogs
  9 dream sheep
  A human simulacrum (Vaults:2)
  A jumping spider (Vaults:4)
  20 water elementals
  Sigmund (D:5)
  52 flying skulls
  A jumping spider (shapeshifter) (Depths:2)
  4 shadows
  8 air elementals
  4 wyverns
  12 wraiths
  57 yaks
  5 spriggans
  2 basilisks
  Grum (D:9)
  3 ushabtiu (Desolation)
  A ynoxinul (Depths:2)
  5 golden eyes (Slime:1)
  A hog (shapeshifter) (Vaults:5)
  A human (Shoals:4)
  A redback (Vaults:4)
  4 neqoxecs
  3 steam dragons
  3 vampire mosquitoes (D:12)
  A chaos spawn (Zot:3)
  6 wargs
  50 nagas
  Menkaure (D:5)
  A merfolk zombie (Crypt:2)
  An acid dragon (D:9)
  10 water moccasins
  A floating eye (Depths:2)
  A nameless horror (Vaults:5)
  A sky beast (D:6)
  33 orc warriors
  4 black bears
  A hornet zombie (Crypt:2)
  2 ice beasts
  A blink frog zombie (Crypt:2)
  4 ogres
  3 small abominations (Crypt:3)
  A boggart (shapeshifter) (Vaults:5)
  3 boggarts (Vaults:1)
  25 wolves
  10 centaurs
  A kobold brigand (D:9)
  16 bullfrogs
  2 earth elementals
  An elf zombie (Elf:1)
  A gnoll sergeant (D:10)
  2 scorpions (D:6)
  8 necrophages
  7 wights
  An electric eel (D:8)
  3 howler monkeys
  A bullfrog zombie (Crypt:1)
  3 hounds
  3 jellies
  2 gnoll shamans
  33 orc priests
  6 iguanas
  Natasha (twice) (D:3)
  27 orc wizards
  16 gnolls
  A howler monkey skeleton (Crypt:1)
  15 adders
  A river rat (shapeshifter) (D:15)
  2 shadow imps (D:7)
  2 white imps
  An ufetubus (D:7)
  An iguana zombie (Crypt:1)
  3 worms
  3 dart slugs
  110 orcs
  2 bats (D:1)
  5 endoplasms
  A giant cockroach (D:2)
  8 hobgoblins
  3 quokkas
  8 ball pythons
  9 frilled lizards
  A gnoll skeleton (Crypt:1)
  4 goblins
  12 kobolds
  15 rats
  A rat skeleton (Crypt:1)
  A butterfly (Lair:6)
  A fulminant prism (Snake:4)
2193 creatures vanquished.

Vanquished Creatures (collateral kills)
  2 dread liches
  3 orbs of fire
  2 golden dragons (Zot:1)
  A profane servitor (Crypt:3)
  An electric golem (Zot:5)
  4 tentacled monstrosities
  9 Orb Guardians (Zot:5)
  A walking frostbound tome (Depths:3)
  A walking earthen tome (Depths:3)
  A deep elf master archer (Elf:3)
  8 acid blobs
  2 death cobs
  An ancient champion (Crypt:2)
  A storm dragon (Depths:4)
  A tengu reaver (Depths:1)
  Donald (Crypt:2)
  3 shadow dragons (Vaults:5)
  2 azure jellies (Slime:5)
  A rockslime (Slime:1)
  A draconian monk (Zot:3)
  A fire giant (Depths:1)
  4 frost giants
  A draconian scorcher (Zot:1)
  A vault warden (Vaults:5)
  A deep elf elementalist (Elf:3)
  2 ghouls (Crypt:1)
  3 spriggan defenders
  2 ironbound preservers
  5 stone giants
  2 very ugly things (Depths:1)
  A black draconian (Zot:1)
  2 deep elf annihilators (Elf:3)
  2 red draconians
  A purple draconian (Depths:4)
  A white draconian (Zot:1)
  A yellow draconian (Zot:1)
  3 deep elf death magi (Elf:3)
  3 ettins
  A fire dragon (Zot:1)
  A deep elf high priest (Elf:3)
  3 ice dragons
  2 spriggan air magi
  A servant of whispers (Desolation)
  A great orb of eyes (Slime:1)
  2 peacekeepers (Desolation)
  A death knight (Crypt:1)
  A vampire mage (Crypt:2)
  2 hell knights (Depths:1)
  A titan skeleton (Crypt:1)
  7 deep trolls
  An ironbound convoker (Vaults:5)
  A necromancer (Depths:1)
  A phantasmal warrior (Depths:3)
  A flayed ghost (Depths:4)
  A deep elf zephyrmancer (Elf:3)
  An ugly thing (D:12)
  3 moths of wrath
  A guardian serpent (Desolation)
  An eye of devastation (Slime:3)
  A green draconian zombie (Crypt:2)
  A troll (shapeshifter) (Depths:4)
  4 slime creatures
  14 saltlings (Desolation)
  A spriggan (Depths:1)
  A wraith (Crypt:3)
  An ushabti (Desolation)
  A golden eye (Slime:3)
  A floating eye (shapeshifter) (Depths:4)
  A rime drake skeleton (Crypt:2)
  2 wights
  A human skeleton (Crypt:2)
  A killer bee zombie (Crypt:2)
146 creatures vanquished.

Vanquished Creatures (others)
  A draconian knight (Zot:3)
  An ironbound convoker (Desolation)
  A guardian serpent (Desolation)
  A saltling (Desolation)
  A human (Shoals:4)
  3 dancing weapons
  47 fire vortices
  11 fulminant prisms
  25 fungi
  60 plants
  6 withered plants (Desolation)
157 creatures vanquished.

Grand Total: 2496 creatures vanquished

Notes
Turn   | Place    | Note
-------+----------+-------------------------------------------
     0 | D:1      | cojito the Octopode Venom Mage began the quest for the Orb.
     0 | D:1      | Reached XP level 1. HP: 11/11 MP: 3/3
   255 | D:1      | Reached XP level 2. HP: 18/18 MP: 1/5
   580 | D:1      | Reached skill level 1 in Fighting
   996 | D:1      | Found a faded altar of an unknown god.
  1065 | D:1      | Reached XP level 3. HP: 23/23 MP: 0/6
  1171 | D:1      | Learned a level 2 spell: Poisonous Vapours
  1637 | D:2      | Reached XP level 4. HP: 29/29 MP: 4/7
  2560 | D:3      | Reached XP level 5. HP: 34/34 MP: 4/8
  2722 | D:3      | Found a glowing drain.
  2732 | Sewer    | Entered a sewer
  2841 | Sewer    | Learned a level 4 spell: Olgreb's Toxic Radiance
  3075 | Sewer    | Reached skill level 5 in Poison Magic
  3941 | D:3      | Noticed Natasha
  3946 | D:3      | Killed Natasha
  3947 | D:3      | Reached XP level 6. HP: 29/41 MP: 10/10
  4214 | D:3      | Noticed Natasha
  4222 | D:3      | Killed Natasha
  4757 | D:4      | Found a staircase to the Ecumenical Temple.
  4777 | Temple   | Entered the Ecumenical Temple
  5475 | D:5      | Entered Level 5 of the Dungeon
  5553 | D:5      | Noticed a black bear
  5557 | D:5      | Reached XP level 7. HP: 46/46 MP: 12/12
  6565 | D:5      | Noticed Sigmund
  6710 | D:5      | Noticed Menkaure
  7123 | D:5      | Reached XP level 8. HP: 42/54 MP: 14/14
  7947 | D:5      | Killed Sigmund
  7948 | D:5      | Reached skill level 5 in Dodging
  8252 | D:5      | Learned a level 2 spell: Scorch
  8330 | D:5      | Killed Menkaure
  8415 | D:5      | Learned a level 3 spell: Tukima's Dance
  8527 | D:6      | Reached skill level 5 in Fighting
  8736 | D:6      | Reached skill level 5 in Spellcasting
  8745 | D:6      | Reached XP level 9. HP: 22/61 MP: 16/16
  9494 | D:7      | Reached skill level 1 in Fire Magic
 11095 | D:8      | Reached XP level 10. HP: 59/69 MP: 19/19
 11095 | D:8      | Noticed a two-headed ogre
 11116 | D:8      | Killed a two-headed ogre
 11199 | D:8      | Reached skill level 5 in Fire Magic
 11221 | D:8      | Learned a level 4 spell: Flame Wave
 11225 | D:8      | Learned a level 3 spell: Mephitic Cloud
 11281 | D:8      | Noticed Erica
 11472 | D:8      | Killed Erica
 11635 | D:8      | Got the Catalogue of Ice
 11959 | D:9      | Reached XP level 11. HP: 72/75 MP: 17/21
 12140 | D:9      | Found an ornate altar of the Wu Jian Council.
 12140 | D:9      | Found a bloodstained altar of Trog.
 12308 | Temple   | Became a worshipper of Vehumet
 12443 | D:9      | Noticed Grum
 12457 | D:9      | Killed Grum
 12847 | D:9      | Reached * piety under Vehumet
 12847 | D:9      | Offered knowledge of Foxfire by Vehumet.
 12897 | D:9      | Found a staircase to the Orcish Mines.
 13201 | D:9      | Learned a level 5 spell: Lee's Rapid Deconstruction
 13238 | Orc:1    | Entered Level 1 of the Orcish Mines
 13240 | Orc:1    | Noticed an orc high priest
 13250 | Orc:1    | Killed an orc high priest
 13599 | Orc:1    | Noticed an orc sorcerer
 13611 | Orc:1    | Killed an orc sorcerer
 13612 | Orc:1    | Reached skill level 1 in Earth Magic
 13622 | Orc:1    | Noticed an orc warlord
 13679 | Orc:1    | Found a transporter.
 13710 | Orc:1    | Found a transporter.
 13713 | Orc:1    | Noticed Saawnycw's ghost (journeyman FoFi)
 13746 | Orc:1    | Noticed an orc sorcerer
 13751 | Orc:1    | Killed an orc sorcerer
 13757 | Orc:1    | Reached ** piety under Vehumet
 13772 | Orc:1    | Killed an orc warlord
 13807 | Orc:1    | Offered knowledge of Shock by Vehumet.
 14361 | Orc:2    | Entered Level 2 of the Orcish Mines
 14578 | Orc:2    | Noticed an orc sorcerer
 14588 | Orc:2    | Killed an orc sorcerer
 14800 | Orc:2    | Found a staircase to the Elven Halls.
 14809 | Orc:2    | Noticed an orc knight
 14904 | Orc:2    | Killed an orc knight
 15025 | Orc:2    | Offered knowledge of Dazzling Flash by Vehumet.
 15088 | Orc:2    | Noticed an orc knight
 15109 | Orc:2    | Killed an orc knight
 15110 | Orc:2    | Reached XP level 12. HP: 43/84 MP: 24/24
 16008 | Orc:2    | Reached *** piety under Vehumet
 16265 | Orc:2    | Noticed an orc high priest
 16275 | Orc:2    | Killed an orc high priest
 16377 | Orc:2    | Offered knowledge of Iskenderun's Mystic Blast by Vehumet.
 16708 | Orc:2    | Noticed an orc high priest
 16718 | Orc:2    | Noticed a soul eater
 16723 | Orc:2    | Killed an orc high priest
 16724 | Orc:2    | Reached skill level 10 in Fire Magic
 16923 | Orc:2    | Reached **** piety under Vehumet
 16933 | Orc:2    | Noticed an orc high priest
 16939 | Orc:2    | Noticed a soul eater
 16944 | Orc:2    | Killed an orc high priest
 17226 | Orc:2    | Noticed an orc high priest
 17333 | Orc:2    | Killed an orc high priest
 17333 | Orc:2    | Noticed an orc high priest
 17334 | Orc:2    | Reached skill level 5 in Earth Magic
 17514 | Orc:2    | Killed an orc high priest
 17514 | Orc:2    | Offered knowledge of Lightning Bolt by Vehumet.
 17604 | Orc:2    | Found Biamome's Armour Shop.
 17607 | Orc:2    | Found Hetucias's Jewellery Shop.
 17608 | Orc:2    | Found Epiyski's Antique Armour Shop.
 17609 | Orc:2    | Found Eghih's Antique Armour Boutique.
 17741 | D:10     | Entered Level 10 of the Dungeon
 18067 | D:10     | Found a staircase to the Lair.
 18270 | D:10     | Found a hazy altar of Hepliaklqana.
 18415 | D:10     | Reached skill level 10 in Dodging
 18763 | D:10     | Noticed Fannar
 18848 | Lair:1   | Entered Level 1 of the Lair of Beasts
 18883 | Lair:1   | Reached XP level 13. HP: 92/92 MP: 26/26
 18991 | Lair:1   | Reached skill level 10 in Fighting
 19132 | Lair:1   | Noticed Sonja
 19139 | Lair:1   | Killed Sonja
 20504 | Lair:2   | Reached ***** piety under Vehumet
 20563 | Lair:2   | Offered knowledge of Iron Shot by Vehumet.
 20572 | Lair:2   | Learned a level 6 spell: Iron Shot
 21268 | Lair:3   | Found a staircase to the Snake Pit.
 21288 | Lair:3   | Found a staircase to the Shoals.
 21505 | Lair:3   | Reached skill level 10 in Spellcasting
 21506 | Lair:3   | Reached skill level 1 in Conjurations
 21542 | Lair:3   | Found a bloodstained altar of Trog.
 23015 | Lair:5   | Reached skill level 2 in Conjurations
 23127 | Lair:5   | Reached XP level 14. HP: 101/101 MP: 28/28
 23742 | Lair:6   | Entered Level 6 of the Lair of Beasts
 23759 | Lair:6   | Reached skill level 3 in Conjurations
 24728 | Lair:6   | Reached skill level 4 in Conjurations
 25432 | Lair:6   | Found a staircase to the Slime Pits.
 25997 | D:11     | Offered knowledge of Airstrike by Vehumet.
 25998 | D:11     | Reached skill level 5 in Transmutations
 26235 | D:11     | Reached skill level 1 in Evocations
 26271 | D:11     | Noticed Nergalle
 26279 | D:11     | Killed Nergalle
 26468 | D:11     | Identified a scroll of acquirement
 26469 | D:11     | Acquired the ring of Beogh's Benevolence {Will+ rCorr EV+4
                  | Str+2}
 26679 | D:12     | Reached skill level 5 in Conjurations
 26991 | D:12     | Reached XP level 15. HP: 108/108 MP: 30/30
 26998 | D:12     | Learned a level 6 spell: Statue Form
 27478 | D:13     | Found a portal to a secret trove of treasure.
 27482 | D:13     | Reached skill level 1 in Shields
 28400 | D:13     | Found a gate to the Vaults.
 28576 | D:13     | Found a transporter.
 28577 | D:13     | Found a transporter.
 28580 | D:13     | Noticed sammy202020's ghost (journeyman DsBe)
 28613 | D:13     | Identified the +6 great mace of Checks and Balances {holy,
                  | rElec rC+}
 28613 | D:13     | Identified the +3 great mace of the Jolly Prophets
                  | {distort, rCorr}
 28745 | Trove    | Entered a treasure trove
 28777 | Trove    | Got Sif Muna's Almanac of the Lethal Entourage
 28784 | Trove    | Identified the ring "Xegg" {Ice rPois Int+2 Stlth-}
 28835 | Trove    | Reached skill level 6 in Conjurations
 28835 | Trove    | Reached XP level 16. HP: 114/114 MP: 31/31
 29895 | D:15     | Entered Level 15 of the Dungeon
 30988 | D:15     | Reached skill level 5 in Evocations
 31035 | D:15     | Found a staircase to the Depths.
 31231 | Snake:1  | Entered Level 1 of the Snake Pit
 31253 | Lair:3   | Reached skill level 10 in Earth Magic
 31420 | Snake:1  | Noticed Aizul
 31432 | Snake:1  | Killed Aizul
 31518 | Snake:1  | Noticed a nagaraja
 31528 | Snake:1  | Killed a nagaraja
 31694 | Snake:1  | Reached XP level 17. HP: 121/121 MP: 32/32
 31709 | Snake:1  | Reached skill level 7 in Conjurations
 31785 | Snake:1  | Reached skill level 5 in Stealth
 32637 | Snake:1  | Reached skill level 5 in Shields
 33260 | Snake:2  | Noticed Vashnia
 33523 | Snake:2  | Found Uhoepe's Antique Weapon Boutique.
 33527 | Snake:2  | Found Nietu's Jewellery Shop.
 33633 | Snake:2  | Bought the ring of the Mage {Wiz Archmagi} for 969 gold
                  | pieces
 33633 | Snake:2  | Found the ring of the Mage {Wiz Archmagi}
 34393 | Snake:2  | Killed Vashnia
 35526 | Snake:3  | Learned a level 4 spell: Fulminant Prism
 35712 | Snake:3  | Reached skill level 8 in Conjurations
 35920 | Snake:4  | Entered Level 4 of the Snake Pit
 36753 | Snake:4  | Reached XP level 18. HP: 129/129 MP: 18/34
 36780 | Snake:4  | Noticed Mlioglotl
 36789 | Snake:4  | Killed Mlioglotl
 37169 | Snake:4  | Got a serpentine rune of Zot
 37561 | Shoals:1 | Entered Level 1 of the Shoals
 37694 | Shoals:1 | Found Irch's Assorted Antiques.
 37703 | Shoals:1 | Bought a scroll of amnesia for 119 gold pieces
 37703 | Shoals:1 | Bought a potion of haste for 340 gold pieces
 38189 | Shoals:1 | Identified the +2 broad axe of Collusion {flame, Str+3
                  | Int-3}
 38271 | Shoals:1 | Reached skill level 9 in Conjurations
 38680 | Shoals:2 | Offered knowledge of Fireball by Vehumet.
 39132 | Shoals:2 | Learned a level 5 spell: Fireball
 40116 | Shoals:3 | Reached XP level 19. HP: 129/136 MP: 35/35
 40284 | Shoals:3 | Noticed Mara
 40291 | Shoals:3 | Noticed cojito's illusion
 40296 | Shoals:3 | Killed Mara
 40424 | Shoals:3 | Noticed Bai Suzhen
 40433 | Shoals:3 | Killed Bai Suzhen
 40817 | Shoals:4 | Entered Level 4 of the Shoals
 40993 | Shoals:4 | Offered knowledge of Starburst by Vehumet.
 41038 | Shoals:4 | Noticed Kirke
 41043 | Shoals:4 | Killed Kirke
 41150 | Shoals:4 | Noticed Polyphemus
 41166 | Shoals:4 | Killed Polyphemus
 41167 | Shoals:4 | Paralysed by an air elemental for 1 turns
 41255 | Shoals:4 | Identified the +8 bardiche of a wizard's laboratory {holy,
                  | rF++ Will+}
 41578 | Shoals:4 | Found a blossoming altar of Fedhas.
 41591 | Shoals:4 | Reached skill level 10 in Transmutations
 41762 | Shoals:4 | Identified the amulet "Zotolao" {Faith Fly rElec Regen+}
 41963 | Shoals:4 | Reached skill level 10 in Conjurations
 42024 | Shoals:4 | Got a barnacled rune of Zot
 42600 | Vaults:1 | Entered Level 1 of the Vaults
 42679 | Vaults:1 | Offered knowledge of Spellforged Servitor by Vehumet.
 42688 | D:13     | Reached skill level 10 in Shields
 42732 | D:13     | Learned a level 7 spell: Spellforged Servitor
 42820 | Vaults:1 | Reached skill level 1 in Summonings
 43483 | Vaults:1 | Identified the +0 leather armour "Xagosue" {Rampage rC-
                  | Will+ Int+3}
 43792 | Vaults:1 | Reached XP level 20. HP: 115/144 MP: 35/37
 43910 | Vaults:1 | Found Dugigeib's Armour Boutique.
 44941 | Vaults:2 | Reached skill level 15 in Dodging
 45245 | Vaults:2 | Found a staircase to the Crypt.
 45245 | Vaults:2 | Found a basalt altar of Yredelemnul.
 45246 | Vaults:2 | Found an ancient bone altar of Kikubaaqudgha.
 45280 | Vaults:2 | Reached skill level 5 in Summonings
 45345 | Vaults:2 | Reached skill level 15 in Fighting
 45347 | Vaults:2 | Reached ****** piety under Vehumet
 45579 | Vaults:2 | Paralysed by a sphinx for 2 turns
 46110 | Vaults:3 | Reached skill level 11 in Conjurations
 46114 | Vaults:3 | Offered knowledge of Iskenderun's Battlesphere by Vehumet.
 46833 | Vaults:3 | Reached XP level 21. HP: 152/152 MP: 39/39
 47216 | Vaults:3 | Noticed Xtahua
 47220 | Vaults:3 | Killed Xtahua
 47798 | Vaults:4 | Offered knowledge of Lehudib's Crystal Spear by Vehumet.
 47838 | Vaults:4 | Identified the +11 arbalest of Itifoci {vorpal, Dex+5}
 47850 | Vaults:4 | Learned a level 8 spell: Lehudib's Crystal Spear
 48227 | Vaults:4 | Found Biedgh's Book Shop.
 48854 | Elf:1    | Entered Level 1 of the Elven Halls
 48894 | Elf:1    | Found a crumbling gateway.
 48899 | Desolati | Entered the Desolation of Salt
 48922 | Desolati | Reached skill level 12 in Conjurations
 48959 | Desolati | Reached skill level 10 in Summonings
 49049 | Desolati | Offered knowledge of Fire Storm by Vehumet.
 49049 | Desolati | Offered knowledge of Polar Vortex by Vehumet.
 49049 | Desolati | Offered knowledge of Ignition by Vehumet.
 49513 | Desolati | Identified the ring "Melel" {rCorr Int+6}
 49517 | Desolati | Identified the ring of Unuof {Fly Str+2 Slay+3}
 49526 | Desolati | Identified the amulet of Sudulor {Faith +Inv rC+++ Will+
                  | Str-4}
 49532 | Desolati | Identified the +10 great mace of the Shouting Gods {venom,
                  | rPois Will++ Dex-3 SInv}
 49544 | Desolati | Got the Handbook of the Volcanoes and Attacks
 49591 | Desolati | Reached skill level 15 in Spellcasting
 49731 | Desolati | Got the Collected Works on Companions and Transformation
 49748 | Desolati | Got the Catalogue of the Flamy Rocks
 49754 | Desolati | Identified the +5 leather armour of Qaiz {Rampage}
 49927 | Desolati | Got An Introduction to Magic
 49931 | Desolati | Got the Grimoire of Unholy Attacks
 49934 | Desolati | Identified the +4 long sword of Interdependent Arising
                  | {flame, rF+ rC- rCorr Stlth+}
 49953 | Desolati | Identified the +4 rapier of the Yoke {vorpal, rElec Will+
                  | Stlth-}
 50363 | Elf:1    | Reached XP level 22. HP: 161/161 MP: 41/41
 50458 | Elf:1    | Got Voent's Reference Book on Necromancy
 50481 | Elf:1    | Found Zelyc's One-of-a-Kind Books.
 51440 | Elf:2    | Found a bloodstained altar of Trog.
 51440 | Elf:2    | Noticed Jyejeiptew's ghost (adept HOMo)
 51542 | Elf:2    | Found a transporter.
 51603 | Elf:2    | Found a runed translucent gate.
 51604 | Elf:2    | Found a runed translucent gate.
 51604 | Elf:2    | Found a runed translucent gate.
 51628 | Elf:2    | Found a transporter.
 51785 | Elf:2    | Found a runed translucent door.
 51843 | Elf:2    | Found Janey's Antique Armour Shoppe.
 52057 | Elf:3    | Entered Level 3 of the Elven Halls
 52065 | Elf:3    | Paralysed by an air elemental for 1 turns
 52177 | Elf:3    | Noticed Nikola
 52184 | Elf:3    | Killed Nikola
 52415 | Elf:3    | Found a radiant altar of Vehumet.
 52657 | Elf:3    | Reached skill level 13 in Conjurations
 53031 | Elf:3    | Identified the ring "Recvol" {rPois rCorr Str-5 Int+6
                  | Stlth+}
 53045 | Elf:3    | Reached skill level 10 in Stealth
 53433 | Elf:3    | Got the Reference Book on the Snowflakes
 53462 | Elf:3    | Identified the +2 arbalest of the Charmed God {elec, rC++
                  | Dex+6}
 53465 | Elf:3    | Identified the +1 plate armour of Fedhas's Grace {*Slow
                  | +Inv rN+ Will+++}
 53480 | Elf:3    | Identified the +4 kite shield of Unambiguity {Harm +Blink
                  | rCorr Int-2}
 53486 | Elf:3    | Identified the +3 pair of gloves of Gikh {rCorr}
 53514 | Elf:3    | Learned a level 3 spell: Ignite Poison
 53820 | Depths:1 | Entered Level 1 of the Depths
 53987 | Depths:1 | Found a radiant altar of Vehumet.
 54312 | Depths:1 | Reached XP level 23. HP: 168/168 MP: 33/42
 54436 | Depths:1 | Found a gateway to Hell.
 54633 | Depths:1 | Found a one-way gate to the infinite horrors of the Abyss.
 56717 | Depths:2 | Found a one-way gate leading to the halls of Pandemonium.
 56987 | Depths:2 | Noticed a golden dragon
 56996 | Depths:2 | Killed a golden dragon
 57640 | Depths:2 | Identified the +4 battleaxe "Qashuudgh" {vorpal, rElec
                  | rPois rF+ rCorr}
 57646 | Depths:2 | Identified the +6 mace "Konkewk" {vorpal, rN++ rCorr}
 57940 | Depths:2 | Reached skill level 14 in Conjurations
 59122 | Depths:3 | Gained mutation: You sometimes lose the ability to read
                  | scrolls when taking damage. [a cacodemon]
 59124 | Depths:3 | Reached XP level 24. HP: 133/177 MP: 25/43
 59312 | Depths:3 | Lost mutation: You sometimes lose the ability to read
                  | scrolls when taking damage. [potion of mutation]
 59312 | Depths:3 | Gained mutation: Your body sometimes deteriorates upon
                  | taking damage. [potion of mutation]
 59312 | Depths:3 | Gained mutation: You have a pair of small antennae on your
                  | head. [potion of mutation]
 59313 | Depths:3 | Lost mutation: Your body sometimes deteriorates upon taking
                  | damage. [potion of mutation]
 59313 | Depths:3 | Lost mutation: You have a pair of small antennae on your
                  | head. [potion of mutation]
 59313 | Depths:3 | Gained mutation: You are frail. (-10% HP) [potion of
                  | mutation]
 59313 | Depths:3 | Gained mutation: Your system is resistant to poisons.
                  | (rPois) [potion of mutation]
 59701 | Depths:4 | Entered Level 4 of the Depths
 59859 | Depths:4 | Found an ornate altar of the Wu Jian Council.
 59965 | Depths:4 | Noticed a juggernaut
 59969 | Depths:4 | Killed a juggernaut
 60052 | Depths:4 | Identified the +2 leather armour "Juint" {rF- Int+6 Dex-5}
 60255 | Depths:4 | Found a gate to the Realm of Zot.
 60391 | Depths:4 | Found a one-way gateway to a ziggurat.
 60587 | Depths:4 | Found Onofu's Jewellery Shop.
 60587 | Depths:4 | Found Tirharpha's Book Emporium.
 60588 | Depths:4 | Found Boiheun's Book Emporium.
 60603 | Depths:4 | Bought the ring of Springtime {Int+6 Dex-2 SInv} for 486
                  | gold pieces
 61172 | Vaults:5 | Entered Level 5 of the Vaults
 61176 | Vaults:5 | Noticed a dread lich
 61615 | Vaults:5 | Reached skill level 15 in Conjurations
 61638 | Vaults:5 | Noticed a dread lich
 61646 | Vaults:5 | Killed a dread lich
 61684 | Vaults:5 | Identified the ring of Hamen {rC+ MP+9 Int+2 SInv}
 61979 | Vaults:5 | Found the ring of the Tortoise {AC+8}
 61991 | Vaults:5 | Identified the amulet "Xaulosiff" {Spirit rC+}
 62187 | Vaults:5 | Reached XP level 25. HP: 164/164 MP: 43/43
 62361 | Vaults:5 | Got the Collected Works on Changing
 62426 | Vaults:5 | Noticed an ancient lich
 62430 | Vaults:5 | Killed an ancient lich
 62449 | Vaults:5 | Noticed a dread lich
 62452 | Vaults:5 | Killed a dread lich
 62453 | Vaults:5 | Reached skill level 16 in Conjurations
 62789 | Vaults:5 | Killed a dread lich
 63052 | Vaults:5 | Got a silver rune of Zot
 63268 | Vaults:5 | Acquired the +3 hat of the Lost Path {rPois rF+ Int+4
                  | Stlth+}
 63603 | Slime:1  | Entered Level 1 of the Pits of Slime
 63806 | Slime:2  | Found a viscous altar of Jiyva.
 63811 | Slime:1  | Found a viscous altar of Jiyva.
 64169 | Slime:5  | Entered Level 5 of the Pits of Slime
 64231 | Slime:5  | Upgraded the game from 0.29-a0-321-gf1c400731a to
                  | 0.29-a0-322-g68df515428
 64476 | Slime:5  | Noticed the Royal Jelly
 64540 | Slime:4  | Learned a level 9 spell: Fire Storm
 64652 | Slime:5  | Reached skill level 17 in Conjurations
 64742 | Slime:5  | Found a viscous altar of Jiyva.
 64961 | Slime:5  | Killed the Royal Jelly
 64962 | Slime:5  | Gained mutation: You are very frail. (-20% HP) [mutagenic
                  | glow]
 65224 | Slime:5  | Got a slimy rune of Zot
 65288 | Slime:5  | Identified the +3 long sword of Chagrin {vamp, rF+ Int+2}
 65901 | Crypt:1  | Entered Level 1 of the Crypt
 66195 | Crypt:1  | Reached XP level 26. HP: 154/154 MP: 39/44
 66332 | Crypt:1  | You fall into a shaft and drop 1 floor!
 66332 | Crypt:2  | Noticed Donald
 66336 | Crypt:2  | Killed Donald
 67061 | Crypt:2  | Noticed Jory
 67068 | Crypt:2  | Killed Jory
 67629 | Crypt:2  | Reached skill level 18 in Conjurations
 67725 | Crypt:3  | Entered Level 3 of the Crypt
 68142 | Crypt:3  | Found a basalt altar of Yredelemnul.
 68150 | Crypt:3  | Reached skill level 15 in Fire Magic
 68526 | Crypt:3  | Found the +10 zealot's sword {holy, *Rage rN+ EV+3}
 68534 | Crypt:3  | Identified the +6 plate armour of Slovenliness {Harm Will+
                  | Int+4}
 68868 | Crypt:3  | Noticed Khufu
 68876 | Crypt:3  | Killed Khufu
 69016 | Crypt:3  | Found a staircase to the Tomb.
 69136 | Crypt:3  | Reached skill level 19 in Conjurations
 69707 | Zot:1    | Entered Level 1 of the Realm of Zot
 70376 | Zot:1    | Noticed an orb of fire
 70383 | Zot:1    | Gained mutation: You are extremely frail. (-30% HP) [an orb
                  | of fire]
 70383 | Zot:1    | Killed an orb of fire
 70384 | Zot:1    | Reached XP level 27. HP: 138/138 MP: 30/44
 70435 | Zot:1    | Identified the +8 hand axe of the Spheres {antimagic,
                  | *Corrode rPois rF- Int+8}
 71078 | Zot:2    | Reached skill level 20 in Conjurations
 71145 | Zot:2    | You fall into a shaft and drop 2 floors!
 71265 | Zot:2    | Noticed an orb of fire
 71267 | Zot:2    | Gained mutation: You sometimes lose the ability to read
                  | scrolls when taking damage. [an orb of fire]
 71269 | Zot:2    | Gained mutation: Your body sometimes deteriorates upon
                  | taking damage. [an orb of fire]
 71274 | Zot:2    | Killed an orb of fire
 71319 | Zot:2    | Lost mutation: Your system is resistant to poisons. (rPois)
                  | [potion of mutation]
 71319 | Zot:2    | Lost mutation: Your body sometimes deteriorates upon taking
                  | damage. [potion of mutation]
 71319 | Zot:2    | Lost mutation: You are extremely frail. (-30% HP) [potion
                  | of mutation]
 71319 | Zot:2    | Gained mutation: Your magical capacity is low. (-10% MP)
                  | [potion of mutation]
 71319 | Zot:2    | Gained mutation: You tend to lose your temper in combat.
                  | [potion of mutation]
 71320 | Zot:2    | Lost mutation: You sometimes lose the ability to read
                  | scrolls when taking damage. [potion of mutation]
 71320 | Zot:2    | Lost mutation: Your magical capacity is low. (-10% MP)
                  | [potion of mutation]
 71320 | Zot:2    | Lost mutation: You are very frail. (-20% HP) [potion of
                  | mutation]
 71320 | Zot:2    | Lost mutation: You are frail. (-10% HP) [potion of
                  | mutation]
 71320 | Zot:2    | Lost mutation: You tend to lose your temper in combat.
                  | [potion of mutation]
 73714 | Zot:4    | Reached skill level 21 in Conjurations
 74205 | Zot:5    | Entered Level 5 of the Realm of Zot
 74464 | Zot:5    | Noticed a dread lich
 74485 | Zot:5    | Killed a dread lich
 74493 | Zot:5    | Noticed an orb of fire
 74493 | Zot:5    | Gained mutation: You sometimes lose the ability to read
                  | scrolls when taking damage. [an orb of fire]
 74500 | Zot:5    | Killed an orb of fire
 74526 | Zot:5    | Noticed an orb of fire
 74537 | Zot:5    | Killed an orb of fire
 74551 | Zot:5    | Noticed a dread lich
 74555 | Zot:5    | Killed a dread lich
 74565 | Zot:5    | Noticed a dread lich
 74573 | Zot:5    | Killed a dread lich
 74712 | Zot:5    | Lost mutation: You sometimes lose the ability to read
                  | scrolls when taking damage. [potion of mutation]
 74712 | Zot:5    | Gained mutation: You sometimes lose the ability to read
                  | scrolls when taking damage. [potion of mutation]
 74712 | Zot:5    | Gained mutation: You expend magic power (3 MP) to
                  | strengthen your wands. [potion of mutation]
 74712 | Zot:5    | Gained mutation: Your body sometimes deteriorates upon
                  | taking damage. [potion of mutation]
 74712 | Zot:5    | Gained mutation: One of your tentacles bears a spike.
                  | [potion of mutation]
 74713 | Zot:5    | Lost mutation: Your body sometimes deteriorates upon taking
                  | damage. [potion of mutation]
 74713 | Zot:5    | Lost mutation: One of your tentacles bears a spike. [potion
                  | of mutation]
 74713 | Zot:5    | Gained mutation: You are weak. (Str -2) [potion of
                  | mutation]
 74713 | Zot:5    | Lost mutation: You expend magic power (3 MP) to strengthen
                  | your wands. [potion of mutation]
 74714 | Zot:5    | Lost mutation: You are weak. (Str -2) [potion of mutation]
 74714 | Zot:5    | Lost mutation: You sometimes lose the ability to read
                  | scrolls when taking damage. [potion of mutation]
 74714 | Zot:5    | Gained mutation: Your system is resistant to poisons.
                  | (rPois) [potion of mutation]
 74714 | Zot:5    | Gained mutation: You are partially covered in iridescent
                  | scales. (AC +2) [potion of mutation]
 74714 | Zot:5    | Gained mutation: You passively map a small area around you.
                  | [potion of mutation]
 74714 | Zot:5    | Gained mutation: You are robust. (+10% HP) [potion of
                  | mutation]
 74924 | Zot:5    | Reached skill level 15 in Earth Magic
 74978 | Zot:5    | Noticed a dread lich
 74984 | Zot:5    | Killed a dread lich
 74984 | Zot:5    | Noticed an orb of fire
 74987 | Zot:5    | Gained mutation: You sometimes lose the ability to read
                  | scrolls when taking damage. [an orb of fire]
 74988 | Zot:5    | Gained mutation: Your mind is acute. (Int +2) [an orb of
                  | fire]
 74988 | Zot:5    | Killed an orb of fire
 75132 | Zot:5    | Got the Orb of Zot
 75706 | D:$      | Escaped with the Orb!

Illustrated notes

Levels and vault maps discovered:
D:1:      dpeg_arrival_ratfight, layout_rooms,
          hellmonk_ecumenical_altar_inner_sanctum, serial_rivers,
          chequers_serial_rivers_micro_d, chequers_serial_rivers_room_b,
          chequers_serial_rivers_micro_e, chequers_serial_rivers_micro_a,
          chequers_serial_rivers_room_b, chequers_serial_rivers_room_b,
          minmay_hedge_maze, minmay_cupped
D:2:      layout_rooms, minmay_fractal_squares_gapless_5
D:3:      layout_loops_ring, cheibrodos_sewer_entry_bend,
          hangedman_abyss_or_decor_lesser_grid, uniq_natasha
D:4:      layout_loops_ring, minmay_temple_entry_ruins, st_stairs_14,
          corexii_corridor_pit
D:5:      layout_layer_cave, minivault_14, uniq_sigmund, uniq_menkaure
D:6:      layout_rooms, chequers_serial_rivers_small_3
D:7:      layout_basic
D:8:      layout_cave_pools, hex_large, minivault_14, uniq_erica
D:9:      layout_rooms, chequers_temple_overflow_statue_of_worship,
          hiddenorc2_lemuel, uniq_grum
D:10:     layout_grid_maze, lemuel_tele_altar, erik_lair_orcish_takeover,
          uniq_fannar
D:11:     layout_gridville, uniq_nergalle
D:12:     layout_loops_ring
D:13:     layout_cave_pools, grunt_vaults_entry_fortified, enter_trove_2,
          gammafunk_ghost_smash
D:14:     layout_irregular_city, kennysheep_big_empty_room
D:15:     gammafunk_enter_depths_forms, layout_gridville, minmay_strange_pillars
Temple:   mainiacjoe_temple_bowtie_tessellation
Lair:1:   layout_regular_city, nicolae_lair_lindhole, uniq_sonja
Lair:2:   layout_cellular_growth, grunt_forest_small_clearings,
          grunt_megastairs_2
Lair:3:   layout_chaotic_city, elwin_shoals_entry_rocks,
          minmay_snake_entry_guardpost_medium, basic_altar,
          infiniplex_staircase_pool_2, grunt_megastairs_3
Lair:4:   layout_roguey, minivault_27
Lair:5:   layout_long_grid, serial_bayou_shore_a
Lair:6:   grunt_lair_end_beastmaster, layout_gridlike, dpeg_slime_entry_corner,
          lemuel_fruit_fields
Shoals:1: layout_shoals, serial_shops,
          nicolae_shop_temple_entry_statues_fountains
Shoals:2: layout_shoals, nicolae_shoals_circle_sea_wall
Shoals:3: layout_shoals, uniq_mara, uniq_bai_suzhen
Shoals:4: shoals_end_hellmonk_storm_palace [storm_palace_center_square,
          storm_palace_corner_grid, storm_palace_corner_pillars,
          storm_palace_corner_altar, storm_palace_corner_blocked],
          uniq_polyphemus, uniq_kirke
Snake:1:  layout_honeycomb, nicolae_snake_scaly_snakehead, uniq_aizul
Snake:2:  layout_layer_cave, nrook_guardian_serpent_ordinary, minmay_shoptagon,
          grunt_megastairs_5, uniq_vashnia
Snake:3:  layout_grid_maze
Snake:4:  snake_pit, layout_rooms, uniq_mlioglotl
Slime:1:  layout_caves, basic_altar
Slime:2:  layout_caves, basic_altar, nicolae_slime_barrier
Slime:3:  layout_caves, nicolae_slime_round_cave
Slime:4:  layout_caves
Slime:5
Orc:1:    layout_caves, gammafunk_ghost_arena, lightli_orcish_oven
Orc:2:    st_orc_pillars, layout_caves
Elf:1:    eino_elf_arrival_the_gate, layout_onion_city,
          portal_desolation_entry_ruin, minmay_elf_necromancy,
          nicolae_rare_books, serial_sigils_hangedman_gnaw, drop_trap,
          minmay_misc_feat_pillars, lemuel_upstairs_altar
Elf:2:    nicolae_elf_blades_crystal_corner, layout_loops_corners,
          gammafunk_ghost_wrathful_warriors, minmay_shop_grid_forest, drop_trap,
          nicolae_danse_macabre
Elf:3:    grunt_elf_hall_asides, layout_geoelf_octagon, basic_altar,
          wad_floor_pattern_1, uniq_nikola
Vaults:1: v_alt_pattern_6, vaults_dpeg_ring, v_alt_pattern_5, v_rooms_5,
          vaults_room_grid, ontoclasm_vaults_spin, v_alt_pattern_6,
          vaults_room_grid, vaults_mumra_hexcomb, nicolae_vaults_shelves_hall,
          layout_vaults_ring, serial_shops, nicolae_diamond_shop
Vaults:2: vaults_room_semicircle, ontoclasm_vaults_loading_screen,
          hangedman_vaults_river_flow, grunt_vaults_trifunnel,
          grunt_vaults_bifocal, vaults_mumra_chevron_long, v_alt_pattern_1,
          v_misc_13, nicolae_vaults_border_crossing, v_misc_25, v_alt_pattern_6,
          minmay_crypt_entry_necro_gods, hangedman_vaults_maws,
          layout_vaults_omnicross
Vaults:3: grunt_vaults_swirl, nicolae_vaults_mini_display_case,
          nicolae_vaults_disjoint_gnomons, v_misc_28, st_spiral_rooms,
          v_misc_27, v_misc_3, ontoclasm_vaults_shuriken, v_misc_16,
          nicolae_vaults_little_squares_5, vaults_dpeg_cross, v_misc_15,
          layout_vaults_omnibox, uniq_xtahua
Vaults:4: v_misc_2, hangedman_vaults_pinch, vaults_room_boxed,
          nicolae_vaults_angled_halls, hangedman_vaults_stream,
          vaults_dpeg_diagonal, vaults_dpeg_encased_lava, v_misc_24,
          grunt_vaults_twisty, layout_vaults_big_room, serial_shops,
          nicolae_square_shop
Vaults:5: serial_shops
Crypt:1:  layout_rooms, minivault_4, minivault_24
Crypt:2:  layout_chaotic_city, uniq_donald, uniq_jory
Crypt:3:  grunt_crypt_end_deaths_head
Depths:1: layout_honeycomb, chequers_serial_rivers_micro_a,
          hangedman_abyss_entry_splay, hangedman_coc_ice_floe,
          nicolae_vehumet_radiance, kennysheep_random_hallway
Depths:2: gold_lair_mu, layout_basic, rand_demon_pan_entry_9,
          pf_hell_entry_tar_river, serial_bayou_shore_b,
          infiniplex_staircase_spiral_double, grunt_megastairs_1
Depths:3: minmay_ambush_box, layout_basic, abyss_entry,
          grunt_hell_entry_demonic_statue, infiniplex_staircase_pillars_1
Depths:4: evilmike_zot_entry_diamond, layout_basic, enter_ziggurat_b,
          nzn_wu_jian_council_hall, hell_entry, st_stairs_3,
          hangedman_corner_corridor, minmay_shop_grove
Zot:1:    layout_concentric_octagons, st_large_dragon_hoard_1
Zot:2:    layout_misc_corridors, lemuel_flame_loot_1
Zot:3:    layout_concentric_octagons
Zot:4:    layout_basic
Zot:5:    layout_misc_corridors

Skill      XL: |  1  2  3  4  5  6  7  8  9 10 11 12 13 14 15 16 17 18 19 20 21 22 23 24 25 26 27 |
---------------+----------------------------------------------------------------------------------+-----
Poison Magic   | 4 5 6 8 9 |  9.0
Fighting       | 1 2 3 4 5 6 7 8 9 11 12 13 14 15 16 17 18 19 | 19.6
Dodging        | 3 4 5 6 7 8 10 11 12 13 14 15 16 17 18 19 | 19.6
Spellcasting   | 3 4 5 6 7 8 9 10 11 12 13 14 15 16 17 | 17.0
Fire Magic     | 4 7 9 10 11 13 16 19 | 19.0
Earth Magic    | 3 5 7 8 9 10 11 12 13 14 15 | 15.9
Conjurations   | 2 5 6 8 9 10 11 12 13 14 15 17 19 21 | 21.2
Transmutations | 3 5 6 7 8 9 10 | 10.1
Evocations     | 1 3 5 7 8 |  8.0
Shields        | 3 4 5 8 10 | 10.0
Stealth        | 4 8 10 12 | 12.0
Summonings     | 3 7 10 11 12 | 12.0

Action                   |  1- 3 |  4- 6 |  7- 9 | 10-12 | 13-15 | 16-18 | 19-21 | 22-24 | 25-27 || total
-------------------------+-------+-------+-------+-------+-------+-------+-------+-------+-------++-------
Melee: Short sword       |    18 |    22 |       |       |       |       |       |       |       ||    40
       Constrict         |     4 |    15 |     7 |     4 |     6 |     8 |    14 |    16 |     6 ||    80
       Tentacles         |     3 |     8 |     6 |     9 |    10 |    17 |    30 |    39 |    19 ||   141
       Hand axe          |       |    34 |       |       |       |       |       |       |       ||    34
       Staff             |       |     1 |    20 |    18 |    30 |    72 |    78 |   111 |    49 ||   379
       Mace              |       |       |     8 |       |       |       |       |       |       ||     8
       Punch             |       |       |     1 |       |     2 |       |     1 |     3 |     1 ||     8
 Cast: Sting             |    56 |    80 |    81 |    54 |     4 |       |       |       |       ||   275
       Poisonous Vapours |       |    45 |    97 |   107 |    45 |     4 |       |       |       ||   298
       Scorch            |       |       |    46 |    76 |   136 |    11 |     1 |       |       ||   270
       Olgreb's Toxic Ra |       |       |    17 |   183 |   172 |    52 |    62 |    73 |     3 ||   562
       Tukima's Dance    |       |       |     5 |     8 |     1 |       |       |       |       ||    14
       Mephitic Cloud    |       |       |       |     4 |    22 |     6 |     5 |       |       ||    37
       Flame Wave        |       |       |       |     3 |     4 |    26 |    26 |     5 |     1 ||    65
       Lee's Rapid Decon |       |       |       |     4 |   134 |   174 |   221 |   194 |    90 ||   817
       Iron Shot         |       |       |       |       |    40 |   187 |   171 |   221 |   512 ||  1131
       Statue Form       |       |       |       |       |       |    45 |    59 |    57 |    49 ||   210
       Fulminant Prism   |       |       |       |       |       |    10 |     2 |       |       ||    12
       Fireball          |       |       |       |       |       |    29 |    78 |    31 |     9 ||   147
       Spellforged Servi |       |       |       |       |       |       |     5 |    25 |    44 ||    74
       Ignite Poison     |       |       |       |       |       |       |       |     7 |       ||     7
       Lehudib's Crystal |       |       |       |       |       |       |       |     6 |       ||     6
       Fire Storm        |       |       |       |       |       |       |       |       |    31 ||    31
 Abil: End Transformatio |       |       |       |       |       |    43 |    50 |    47 |    46 ||   186
Evoke: Wand              |       |       |     3 |     8 |     2 |    11 |     6 |       |    18 ||    48
       Phantom mirror    |       |       |       |       |     1 |     1 |     2 |       |       ||     4
       Tin of tremorston |       |       |       |       |       |       |     2 |       |       ||     2
       Phial of floods   |       |       |       |       |       |       |       |     1 |     1 ||     2
       Box of beasts     |       |       |       |       |       |       |       |       |     1 ||     1
  Use: Scroll            |     3 |     2 |     2 |     6 |    19 |     8 |     9 |    11 |    15 ||    75
       Potion            |       |       |     2 |     2 |     4 |     3 |     4 |     4 |    25 ||    44
 Stab: Sleeping          |     1 |     4 |       |       |       |       |       |       |       ||     5
       Paralysed         |       |       |       |     5 |       |       |       |       |       ||     5
       Confused          |       |       |       |       |     1 |       |       |       |       ||     1
       Distracted        |       |       |       |       |       |       |     1 |     2 |     2 ||     5
Armor: Skin              |     2 |     3 |     5 |     3 |    14 |   220 |   183 |   224 |   187 ||   841
Dodge: Dodged            |    12 |    50 |    94 |    88 |   143 |   460 |   286 |   369 |   240 ||  1742
Block: Buckler           |       |       |       |       |     6 |    75 |       |       |       ||    81
       Kite shield       |       |       |       |       |       |   128 |   278 |   377 |   275 ||  1058
       Reflection        |       |       |       |       |       |    17 |     7 |       |       ||    24

Table legend: (Time is in decaauts)
 A = Elapsed time spent in this place.
 B = Non-inter-level travel time spent in this place.
 C = Inter-level travel time spent in this place.
 D = Time resting spent in this place.
 E = Time spent auto-exploring this place.
 F = Levels seen in this place.
 G = Mean time per level.
                   A        B        C        D        E       F      G
               +--------+--------+--------+--------+--------+-----+--------+
         Total |  78300 |  70732 |   7568 |  17919 |  37089 |  60 | 1305.0 |
       Dungeon |  20377 |  17633 |   2744 |   3476 |  10667 |  15 | 1358.5 |
        Temple |    282 |    180 |    102 |      0 |    161 |   1 |  282.0 |
          Lair |   7920 |   6703 |   1217 |    899 |   4567 |   6 | 1320.0 |
        Shoals |   5066 |   4795 |    271 |   1146 |   2599 |   4 | 1266.5 |
     Snake Pit |   6556 |   5734 |    822 |   1346 |   3267 |   4 | 1639.0 |
    Slime Pits |   2110 |   1907 |    203 |    829 |    280 |   5 |  422.0 |
  Orcish Mines |   4278 |   4050 |    228 |   1749 |   1380 |   2 | 2139.0 |
   Elven Halls |   3968 |   3690 |    278 |    887 |   2028 |   3 | 1322.7 |
        Vaults |   8953 |   8300 |    653 |   2478 |   3882 |   5 | 1790.6 |
         Crypt |   3773 |   3651 |    122 |   1163 |   1695 |   3 | 1257.7 |
        Depths |   7185 |   6423 |    762 |   1493 |   3527 |   4 | 1796.2 |
           Zot |   5657 |   5496 |    161 |   1639 |   2380 |   5 | 1131.4 |
         Trove |    101 |    101 |      0 |      0 |      0 |   1 |  101.0 |
         Sewer |    915 |    915 |      0 |    504 |    205 |   1 |  915.0 |
    Desolation |   1152 |   1152 |      0 |    308 |    450 |   1 | 1152.0 |
               +--------+--------+--------+--------+--------+-----+--------+

Top non-repeatable levels by time:
     D:5: 2973 daAuts
   Orc:2: 2597 daAuts
 Snake:1: 2270 daAuts
Depths:2: 2115 daAuts
Depths:3: 2050 daAuts
Vaults:1: 1910 daAuts
Vaults:5: 1902 daAuts
Vaults:4: 1886 daAuts
 Snake:2: 1821 daAuts
 Crypt:3: 1790 daAuts
Vaults:2: 1722 daAuts
   Orc:1: 1680 daAuts
    D:15: 1676 daAuts
  Lair:6: 1619 daAuts
   Elf:3: 1583 daAuts
